 Dungeon Crawl Stone Soup version 0.30-a0-354-g6b83867211 (webtiles) character file.

Game seed: 396938280657489548

2891 zishaf the Fighter (level 10, -7/77 HPs)
             Began as a Djinni Venom Mage on Nov 7, 2022.
             Was a Follower of Makhleb.
             Mangled by a wight
             ... wielding a +0 battleaxe
              (13 damage)
             ... on level 7 of the Dungeon.
             The game lasted 00:10:16 (6818 turns).

zishaf the Fighter (Djinni Venom Mage)              Turns: 6818, Time: 00:10:17

Health: -7/77      AC:  3    Str: 13    XL:     10   Next: 5%
Gold:   391        EV: 12    Int: 20    God:    Makhleb [*.....] SH:  0 Dex: 15

rFire   + + .      SeeInvis +    k - +3 woodcutter's axe {vorpal}
rCold   . . .      Faith    .    (shield currently unavailable)
rNeg    . . .      Spirit   .    g - +0 robe {rC+}
rPois   ∞          Reflect  .    (no helmet)
rElec   .          Harm     .    r - +0 cloak
rCorr   .          Rampage  .    (no gloves)
Will    +....                    (boots unavailable)
Stlth   ++........               j - amulet of regeneration
HPRegen 1.12/turn                o - +6 ring of strength
MPRegen 0.00/turn                p - ring of see invisible

@: flying
A: sickness immunity, fire resistance 2, cold vulnerability 1, float, innate
caster, HP casting, extra vitality 1
a: Renounce Religion


You were on level 7 of the Dungeon.
You worshipped Makhleb.
Makhleb was aware of your devotion.
You visited 2 branches of the dungeon, and saw 8 of its levels.

You collected 391 gold pieces.

Inventory:

Hand Weapons
 b - a +1 dagger of draining
 k - the +3 woodcutter's axe (weapon) {vorpal}
   (You found it on level 2 of the Dungeon)

   It inflicts extra damage upon your enemies.
Armour
 g - a +0 robe of cold resistance (worn)
 m - a +0 tower shield
 r - a +0 cloak (worn)
Magical Staves
 a - a staff of fire
Jewellery
 j - an amulet of regeneration (around neck)
 o - a +6 ring of strength (left hand)
 p - a ring of see invisible (right hand)
Wands
 q - a wand of mindburst (6)
Scrolls
 e - 2 scrolls of teleportation
 f - 3 scrolls of magic mapping
 n - 3 scrolls of vulnerability
Potions
 c - a potion of brilliance
 d - a potion of haste
 h - 2 potions of mutation
 i - 2 potions of heal wounds
 l - 2 potions of ambrosia {unknown}
 t - a potion of might {unknown}
 v - 3 potions of curing
 w - 2 potions of degeneration {unknown}


   Skills:
 + Level 8.5 Fighting
 - Level 2.1 Dodging
 - Level 1.5 Stealth
 + Level 2.4 Shields
 + Level 7.0 Spellcasting
 + Level 4.0 Invocations


You had 4 spell levels left.
You knew the following spells:

 Your Spells              Type           Power      Damage    Failure   Level
a - Sting                 Tmut/Pois      100%       1d8       1%          1
b - Poisonous Vapours     Pois/Air       70%        N/A       1%          2
c - Teleport Other        Tloc           35%        N/A       1%          3
d - Inner Flame           Hex/Fire       35%        N/A       1%          3
e - Freeze                Ice            100%       1d10      1%          1
z - Mephitic Cloud        Conj/Pois/Air  35%        N/A       1%          3
A - Olgreb's Toxic Radia  Pois           35%        N/A       4%          4
B - Scorch                Fire           70%        2d8       1%          2
Your spell library was empty.

Dungeon Overview and Level Annotations

Branches:
Dungeon (7/15)             Temple (1/1) D:5

Altars:
Ashenzari
Cheibriados
Dithmenos
Elyvilon
Fedhas
Hepliaklqana
Makhleb
Nemelex Xobeh
Okawaru
Qazlal
Ru
Trog
Uskayaw
Wu Jian
Xom
Yredelemnul
Zin
The Shining One

Shops:
D:1 =   D:6 (


Innate Abilities, Weirdness & Mutations

You are immune to sickness and miasma.
You are immune to poison.
Your flesh is very heat resistant. (rF++)
You are vulnerable to cold. (rC-)
You float through the air rather than walking.
You learn spells naturally, not from books.
Your magical power is your life essence.
You have superior vitality. (+4 MHP)


Message History

You destroy the wight!
Makhleb accepts your kill.
The centaur shoots an arrow.
The arrow hits you!
The centaur shoots an arrow.
The arrow hits you!
Your Invocations skill increases to level 4!
Found a scroll of identify.
The wight hits you with a +5 mace!
Things that are here:
a +0 mace; a +0 robe You barely miss the wight.
The wight hits you with a +5 mace.
You hit the wight.
The wight is moderately damaged.
The wight hits you with a +5 mace!
* * * LOW HITPOINT WARNING * * *
You hit the wight but do no damage.
The wight is moderately damaged.
The wight misses you.
You closely miss the wight.
The wight is moderately damaged.
The wight barely misses you.
You closely miss the wight.
The wight is moderately damaged.
The wight barely misses you.
You hit the wight.
The wight is severely damaged.
The wight hits you with a +5 mace.
You slash the wight!
You destroy the wight!
Makhleb accepts your kill.
You can now gain health from killing.
The centaur shoots an arrow.
The arrow hits you!
* * * LOW HITPOINT WARNING * * *
x2 The centaur shoots an arrow.
The arrow hits you!
* * * LOW HITPOINT WARNING * * *
x2
Okay, then.
You slash the wight!
The wight is almost destroyed.
The wight closely misses you.
You closely miss the wight.
The wight is almost destroyed.
The wight hits you with a +0 battleaxe!
You die...

##....#
##.....####
#...<.....#
##.....##.#
##....##.# ###
##.#.##.# ...?
###.##.# ...##
#>##.###......
#.<...@zc....#
########.....#
...## ###


You could see a centaur and a wight.

Vanquished Creatures
  The ghost of osoart the Trooper, an amateur TrBe of Trog (D:4)
  Sigmund (D:5)
  Eustachio (D:6)
  Duvessa (D:5)
  A sky beast (D:7)
  2 ice beasts
  2 black bears
  2 ogres
  3 phantoms
  2 kobold brigands (D:6)
  3 necrophages
  A water moccasin zombie (D:4)
  2 bullfrogs
  A scorpion (D:5)
  2 wights (D:7)
  2 water moccasin skeletons (D:4)
  Dowan (D:5)
  A hound (D:5)
  2 jellies (D:6)
  Crazy Yiuf (D:6)
  A gnoll bouda (D:7)
  An orc priest (D:5)
  A bullfrog skeleton (D:4)
  A centaur skeleton (D:4)
  2 iguanas (D:5)
  2 orc wizards (D:5)
  2 hound zombies (D:4)
  2 hound skeletons (D:4)
  Robin (D:2)
  A howler monkey zombie (D:4)
  12 gnolls
  3 adders
  An adder skeleton (D:4)
  4 worms
  A dart slug (D:4)
  7 orcs
  3 ball pythons
  6 endoplasms
  12 giant cockroaches
  12 goblins
  5 hobgoblins
  4 jackals (D:3)
  4 quokkas
  6 bats
  3 frilled lizards
  12 kobolds
  2 rats (D:1)
143 creatures vanquished.

Vanquished Creatures (others)
  4 fungi (D:4)
  5 plants (D:1)
  2 withered plants (D:4)
11 creatures vanquished.

Grand Total: 154 creatures vanquished

Notes
Turn   | Place    | Note
-------+----------+-------------------------------------------
     0 | D:1      | zishaf the Djinni Venom Mage began the quest for the Orb.
     0 | D:1      | zishaf set off with the following spells memorised: Sting,
                  | Poisonous Vapours, Mephitic Cloud, Olgreb's Toxic Radiance.
     0 | D:1      | Reached XP level 1. HP: 15/15 MP: 0/0
     8 | D:1      | You are sucked into a shaft and drop 1 floor!
    64 | D:1      | Reached XP level 2. HP: 16/22 MP: 0/0
    69 | D:1      | Reached skill level 1 in Fighting
   155 | D:1      | Found Fuci's Jewellery Shop.
   233 | D:1      | Found a faded altar of an unknown god.
   463 | D:1      | Reached XP level 3. HP: 24/27 MP: 0/0
   463 | D:1      | Learned a level 1 spell: Freeze
   846 | D:2      | Found the +3 woodcutter's axe {vorpal}
  1097 | D:2      | Noticed Robin
  1099 | D:2      | Killed Robin
  1100 | D:2      | Reached skill level 2 in Fighting
  1105 | D:2      | Reached XP level 4. HP: 33/33 MP: 0/0
  1346 | D:2      | Found an ornate altar of the Wu Jian Council.
  1581 | D:3      | Reached XP level 5. HP: 30/40 MP: 0/0
  1581 | D:3      | Learned a level 2 spell: Scorch
  1675 | D:3      | Found a bloodstained altar of Trog.
  1862 | D:3      | Reached skill level 3 in Fighting
  2563 | D:4      | Found a sparkling altar of Nemelex Xobeh.
  2656 | D:4      | Reached XP level 6. HP: 28/46 MP: 0/0
  2791 | D:4      | Found a blossoming altar of Fedhas.
  2814 | D:4      | Reached skill level 4 in Fighting
  2936 | D:4      | Found a large runed translucent door.
  2936 | D:4      | Found a large runed translucent door.
  2938 | D:4      | Noticed osoart's ghost (amateur TrBe)
  2996 | D:4      | Reached XP level 7. HP: 39/53 MP: 0/0
  2996 | D:4      | Learned a level 3 spell: Teleport Other
  3451 | D:4      | Reached skill level 5 in Fighting
  3827 | D:4      | Found an iron altar of Okawaru.
  3917 | D:4      | Killed osoart's ghost
  3918 | D:4      | Reached skill level 5 in Spellcasting
  3918 | D:4      | Reached XP level 8. HP: 18/61 MP: 0/0
  3940 | D:5      | Entered Level 5 of the Dungeon
  4069 | D:5      | Reached skill level 6 in Fighting
  4111 | D:5      | Noticed Sigmund
  4123 | D:5      | Killed Sigmund
  4663 | D:5      | Found a staircase to the Ecumenical Temple.
  4663 | D:5      | Noticed Duvessa
  4663 | D:5      | Noticed Dowan
  4669 | D:5      | Killed Duvessa
  4670 | D:5      | Reached skill level 7 in Fighting
  4675 | D:5      | Reached XP level 9. HP: 59/68 MP: 0/0
  4675 | D:5      | Learned a level 3 spell: Inner Flame
  4679 | D:5      | Killed Dowan
  4793 | Temple   | Entered the Ecumenical Temple
  4851 | Temple   | Became a worshipper of Makhleb the Destroyer
  5048 | D:5      | Reached skill level 1 in Invocations
  5581 | D:6      | Noticed Eustachio
  5765 | D:6      | Killed Eustachio
  5784 | D:6      | Reached skill level 8 in Fighting
  5943 | D:6      | Found Oxzizofa's Weapon Shop.
  6141 | D:6      | Found a shadowy altar of Dithmenos.
  6141 | D:6      | Found a white marble altar of Elyvilon.
  6290 | D:6      | Found a runed translucent door.
  6291 | D:6      | Noticed Crazy Yiuf
  6417 | D:6      | Killed Crazy Yiuf
  6536 | D:7      | Reached skill level 1 in Shields
  6759 | D:7      | Reached XP level 10. HP: 51/77 MP: 0/0
  6816 | D:7      | Reached * piety under Makhleb
  6818 | D:7      | Mangled by a wight

Illustrated notes

Levels and vault maps discovered:
D:1:      roderic_crop_circles_arrival_small, layout_basic, serial_shops,
          nicolae_shop_trees, basic_ecumenical_altar
D:2:      layout_basic, basic_altar, uniq_robin
D:3:      minmay_roachtagon, layout_basic, mainiacjoe_overflow_six_doors_small,
          kennysheep_generic_room_7
D:4:      layout_loops_corners, mainiacjoe_overflow_boulevard,
          marbit_many_paths, mainiacjoe_overflow_alcove_4, serial_undead,
          serial_undead_d, serial_undead_f, serial_undead_d, serial_undead_c,
          ebering_ghost_disaster_area
D:5:      layout_loops_cross, minmay_temple_entry_hall,
          kennysheep_generic_room_4, uniq_sigmund, uniq_duvessa
D:6:      layout_rooms, jmf_multi_god_temple, serial_shops,
          nicolae_shop_bloodbath_and_beyond, uniq_crazy_yiuf_cottage,
          uniq_eustachio
D:7:      layout_loops_ring, minmay_strange_pillars, patterned_corridor
Temple:   nicolae_temple_bog_church

Skill      XL: |  1  2  3  4  5  6  7  8  9 10 |
---------------+-------------------------------+-----
Fighting       | 1 2 3 4 5 7 8 |  8.5
Spellcasting   | 3 4 5 6 7 |  7.0
Invocations    | 3 4 |  4.0
Shields        | 2 |  2.4
Dodging        | |  2.1
Stealth        | |  1.5

Action                   |  1- 3 |  4- 6 |  7- 9 | 10-12 || total
-------------------------+-------+-------+-------+-------++-------
Melee: Battleaxe         |     8 |   106 |   177 |    10 ||   301
 Cast: Sting             |    53 |       |     1 |       ||    54
       Scorch            |       |       |    18 |       ||    18
       Mephitic Cloud    |       |       |    10 |       ||    10
       Poisonous Vapours |       |       |    10 |       ||    10
       Inner Flame       |       |       |     1 |       ||     1
  Use: Scroll            |       |    11 |     5 |       ||    16
 Stab: Sleeping          |     1 |     2 |     3 |       ||     6
       Confused          |       |       |     6 |       ||     6
       Distracted        |       |       |     1 |       ||     1
Armor: Robe              |     7 |    18 |    19 |       ||    44
Dodge: Dodged            |    17 |    76 |   103 |     5 ||   201

Table legend: (Time is in decaauts)
 A = Elapsed time spent in this place.
 B = Non-inter-level travel time spent in this place.
 C = Inter-level travel time spent in this place.
 D = Time resting spent in this place.
 E = Time spent auto-exploring this place.
 F = Levels seen in this place.
 G = Mean time per level.
                   A        B        C        D        E       F      G
               +--------+--------+--------+--------+--------+-----+--------+
         Total |   6819 |   6600 |    219 |    760 |   4746 |   8 |  852.4 |
       Dungeon |   6653 |   6458 |    195 |    760 |   4622 |   7 |  950.4 |
        Temple |    165 |    141 |     24 |      0 |    124 |   1 |  165.0 |
               +--------+--------+--------+--------+--------+-----+--------+

Top non-repeatable levels by time:
     D:4: 1554 daAuts
     D:5: 1473 daAuts
     D:3: 972 daAuts
     D:2: 854 daAuts
     D:6: 779 daAuts
     D:1: 675 daAuts
     D:7: 344 daAuts
  Temple: 165 daAuts
